 Dungeon Crawl Stone Soup version 0.30.1-11-g7821555f0a (webtiles) character file.

Game seed: 14784183841097970786

121 pkoi the Insei (level 4, 0/38 HPs)
             Began as a Draconian Monk on Nov 6, 2023.
             Slain by a gnoll
             ... wielding a +0 halberd
              (3 damage)
             ... on level 3 of the Dungeon.
             The game lasted 00:02:46 (2133 turns).

pkoi the Insei (Draconian Monk)                     Turns: 2133, Time: 00:02:46

Health: 0/38       AC:  7    Str: 13    XL:     4   Next: 77%
Magic:  4/4        EV:  6    Int: 13    God:
Gold:   177        SH:  0    Dex: 15    Spells: 3/3 levels left

rFire   . . .        m - +7 hammer of Pestilence {pain, rElec}
rCold   . . .        b - orb {light}
rNeg    . . .        (body armour unavailable)
rPois   +            (helmet restricted)
rElec   +            (no cloak)
rCorr   .            e - +1 pair of gloves of Ghostly the Good {rPois Dex+2}
SInv    .            (no boots)
Will    .....        (no amulet)
Stlth   +            (no ring)
HPRegen 0.26/turn    (no ring)
MPRegen 0.09/turn

%: no passive effects
@: held, glowing
A: AC +5, unfitting armour, cold-blooded
a: no special abilities


You were on level 3 of the Dungeon.
You visited 1 branch of the dungeon, and saw 3 of its levels.

You collected 177 gold pieces.

Inventory:

Hand Weapons
 f - a +0 dagger
 m - the +7 hammer of Pestilence (weapon) {pain, rElec}
   (You found it on level 2 of the Dungeon)

   rElec:     It insulates you from electricity.
Armour
 b - an orb of light (worn)
 e - the +1 pair of gloves of Ghostly the Good (worn) {rPois Dex+2}
   (You acquired it on level 3 of the Dungeon)

   Dex:       It affects your dexterity (+2).
   rPois:     It protects you from poison.
 g - a +0 pair of gloves
Scrolls
 j - a scroll of fear {unknown}
 l - a scroll of teleportation {unknown}
Potions
 a - 2 potions of ambrosia
 c - 2 potions of attraction {unknown}
 d - a potion of brilliance {unknown}
 h - a potion of curing {unknown}
 i - a potion of cancellation
 k - a potion of might {unknown}
 n - a potion of invisibility {unknown}
 p - a potion of degeneration {unknown}


   Skills:
 - Level 3.2 Fighting
 - Level 2.6 Dodging
 + Level 5.6 Unarmed Combat


You had 3 spell levels left.
You didn't know any spells.
Your spell library contained the following spells:

 Spells                   Type           Power      Damage    Failure   Level
 Magic Dart               Conj           0%         1d3       30%         1
 Call Imp                 Summ           0%         N/A       43%         2
 Lesser Beckoning         Tloc           0%         N/A       43%         2
 Sublimation of Blood     Necr           0%         N/A       43%         2
 Wereblood                Tmut           0%         N/A       43%         2
 Gell's Gravitas          Tloc           0%         N/A       67%         3
 Mephitic Cloud           Conj/Pois/Air  0%         N/A       67%         3
 Teleport Other           Tloc           0%         N/A       67%         3
 Summon Hydra             Summ           0%         N/A       100%        7


Dungeon Overview and Level Annotations

Branches:
Dungeon (3/15)

Altars:

Shops:
D:2 :?*==

Annotations:
D:2 1 runed translucent door, Crazy Yiuf


Innate Abilities, Weirdness & Mutations

Your plain brown scales are hard. (AC +5)
You cannot fit into any form of body armour.
You are cold-blooded and may be slowed by cold attacks.


Message History

Found a ring mail.
A gnoll and a kobold come into view.
The gnoll shouts!
The kobold shouts!
A gnoll comes into view. It is wielding a +0 heavy flail.
There are monsters nearby!
The gnoll shouts!
The kobold hits you with a +0 dagger.
A gnoll comes into view. It is wielding a +0 halberd.
You barely miss the kobold. The kobold closely misses you.
You barely miss the kobold. The kobold barely misses you.
You barely miss the kobold. The kobold barely misses you. x2
You sock the kobold!
You kill the kobold!
You sock the gnoll!
The gnoll is almost dead.
The gnoll hits you with a +0 heavy flail!
You are too injured to fight recklessly!
You are too injured to fight recklessly!
You are too injured to fight recklessly!
You are too injured to fight recklessly!
You are too injured to fight recklessly!
You sock the gnoll! You tail-slap the gnoll.
The gnoll is severely wounded.
The gnoll hits you with a +0 flail.
You hit the gnoll.
You kill the gnoll!
The gnoll barely misses you.
The gnoll throws a throwing net.
The throwing net hits you.
You become entangled in the net!
You struggle against the net.
The gnoll hits you with a +0 heavy flail.
The gnoll barely misses you.
Unknown command.
You struggle against the net.
The gnoll hits you from afar with a +0 halberd.
The gnoll hits you with a +0 heavy flail!
* * * LOW HITPOINT WARNING * * *
Unknown command.
You struggle against the net.
The gnoll hits you from afar with a +0 halberd.
You die...

,,,,,,,,***,,###.* #.# #.....††.#
,**,***** *,*.#..###.###.#...<.##
,**,*******,,............##...##
,**,,,,,,,****#..###.#.#####.##
,**,*****,* #..# #.#.# #.# ,**,*
*,#####..# #.#.#####.# ,**,*
*,.......###.........#*** ,**,*
*.######.......#####..,,,
***,*****..[...g@#######***#.#***
,,,,,,,,,.######)# *,,,,,,*
*********** #g# *,********* * #.#
*,* *,, * #.# *,* *,* * #.# *,*
*,* * #.# ***,*******,, ** #.#
**,,,,,,,,,,,* ,********* *,*
*,,,,,,,,,,,,,


You could see 2 gnolls.

Vanquished Creatures
  A gnoll (D:3)
  6 adders
  2 worms (D:2)
  4 endoplasms
  4 giant cockroaches
  5 goblins
  3 hobgoblins
  3 jackals (D:2)
  3 kobolds
  3 quokkas (D:2)
  5 ball pythons
  5 bats
  2 frilled lizards
  3 rats
49 creatures vanquished.

Notes
Turn   | Place    | Note
-------+----------+-------------------------------------------
     0 | D:1      | pkoi the Draconian Monk began the quest for the Orb.
     0 | D:1      | Reached XP level 1. HP: 19/19 MP: 1/1
   405 | D:1      | Reached XP level 2. HP: 26/26 MP: 2/2
   670 | D:1      | Reached skill level 4 in Unarmed Combat
   949 | D:2      | Reached XP level 3. HP: 31/31 MP: 3/3
  1040 | D:2      | Found Uboplute's Jewellery Shop.
  1084 | D:2      | Identified the +8 hammer of the Magic Mushroom {flame,
                  | rElec rF- Int+5}
  1086 | D:2      | Found a runed translucent door.
  1087 | D:2      | Identified the +7 hammer of Pestilence {pain, rElec}
  1087 | D:2      | Noticed Crazy Yiuf
  1288 | D:2      | Reached XP level 4. HP: 35/38 MP: 4/4
  1309 | D:2      | Found Uvvefihips's Magic Scroll Shoppe.
  1311 | D:2      | Reached skill level 5 in Unarmed Combat
  1330 | D:2      | Found Lanyn's Book Shoppe.
  1406 | D:2      | Found Deax's General Store.
  1413 | D:2      | Found Xozumen's Jewellery Shoppe.
  1824 | D:3      | Identified a scroll of acquirement
  1824 | D:3      | Acquired the +1 pair of gloves of Ghostly the Good {rPois
                  | Dex+2}
  2133 | D:3      | Slain by a gnoll

Illustrated notes

Levels and vault maps discovered:
D:1:      sevenhm_arrival_forest_fort_small_5, layout_loops_corners,
          chequers_serial_rivers_micro_b, minmay_split_cup_small
D:2:      minmay_inner_zag, layout_loops_ring, serial_shops, shop,
          nicolae_shop_pleasant_corner_grove, shop, shop_coins, shop_fountains,
          minmay_misc_feat_rows, uniq_crazy_yiuf_cottage
D:3:      layout_loops_ring

Skill      XL: |  1  2  3  4 |
---------------+-------------+-----
Unarmed Combat | 4 5 |  5.6
Fighting       | |  3.2
Dodging        | |  2.6

Action                     |  1- 3 |  4- 6 || total
---------------------------+-------+-------++-------
  Melee: Unarmed           |    62 |       ||    62
         Tailslap          |    13 |     6 ||    19
         Mace              |    18 |    26 ||    44
    Use: Scroll            |     1 |     4 ||     5
 Armour: Skin              |    33 |     8 ||    41
  Dodge: Dodged            |    61 |    22 ||    83
